 Dungeon Crawl Stone Soup version 0.32-a0-391-gce5c0aab1b (webtiles) character file.

Game seed: 5825524174156413867

16 Bravepunisher the Changeling (level 2, -1/14 HPs)
             Began as a Spriggan Shapeshifter on Feb 19, 2024.
             Slain by a phantom (4 damage)
             ... on level 4 of the Dungeon.
             The game lasted 00:01:12 (445 turns).

Bravepunisher the Changeling (Spriggan Shapeshifter) Turns: 445, Time: 00:01:12

Health: -1/14      AC:  2    Str: 10    XL:     2   Next: 37%
Magic:  3/3        EV: 17    Int: 11    God:
Gold:   46         SH:  0    Dex: 14    Spells: 1/1 levels left

rFire   . .          .
                       - Unarmed
rCold   . . .        (no shield)
rNeg    . . .        a - +0 animal skin
rPois   .            (helmet currently unavailable)
rElec   .            (cloak currently unavailable)
rCorr   .            (gloves unavailable)
SInv    +            (boots unavailable)
Will    .....        (no amulet)
Stlth   +            (no ring)
HPRegen 0.22/turn    (no ring)
MPRegen 0.08/turn

%: no passive effects
@: beast-form, very quick
A: beast (slay +2), very small, no large weapons, unfitting armour, see
invisible, speed 3
a: Begin Untransformation


You were on level 4 of the Dungeon.
You were a hulking beast.
You visited 1 branch of the dungeon, and saw 3 of its levels.

You collected 46 gold pieces.

Inventory:

Armour
 a - a +0 animal skin (worn)
Jewellery
 h - a ring of protection from fire
Talismans
 c - a beast talisman (active)
 d - a flux talisman
Scrolls
 f - a scroll of teleportation {unknown}
Potions
 b - a potion of lignification
 e - a potion of brilliance {unknown}
 g - a potion of ambrosia {unknown}


   Skills:
 * Level 1.2 Fighting
 + Level 3.0 Dodging
 * Level 2.7 Unarmed Combat
 + Level 4.1 Shapeshifting


You had one spell level left.
You didn't know any spells.
Your spell library was empty.

Dungeon Overview and Level Annotations

Branches:
Dungeon (2/15)

Altars:


Innate Abilities, Weirdness & Mutations

You are a hulking beast.
Your limbs bulge with bestial killing power. (Slay +2)
You are very small and have problems with some larger weapons.
You are too small for most types of armour.
You have supernaturally acute eyesight. (SInv)
You cover ground extremely quickly. (Speed+++)


Message History

Found a stone staircase leading down.
Found a stone staircase leading down.
You now have 46 gold pieces (gained 6).
A phantom comes into view.
The phantom hits you but does no damage.
You hit the phantom.
The phantom is lightly damaged.
The phantom misses you.
You completely miss the phantom.
The phantom is lightly damaged.
You closely miss the phantom.
The phantom is lightly damaged.
The phantom hits you.
The phantom blinks!
You blink.
You closely miss the phantom.
The phantom is lightly damaged.
The phantom barely misses you.
You hit the phantom.
The phantom is lightly damaged.
The phantom misses you.
You completely miss the phantom.
The phantom is lightly damaged.
The phantom misses you.
You miss the phantom.
The phantom is lightly damaged.
The phantom barely misses you.
You barely miss the phantom.
The phantom is lightly damaged.
The phantom misses you.
You hit the phantom.
The phantom is moderately damaged.
The phantom hits you.
* * * LOW HITPOINT WARNING * * *
The phantom blinks!
You blink.
You hit the phantom. Your punch misses the phantom.
The phantom is moderately damaged.
The phantom hits you but does no damage.
You hit the phantom.
The phantom is heavily damaged.
The phantom hits you.
You die...

#.# #.####...########.
#.# #..##..#..........
#.# ##.##....#########
#.# ##.#....## #.#
##.......# #.# #........#
#.# #........#
#.#############W#.#....#
#...............h..#.#.#
##########...........#...
#.#####...######+ ##.##
.# .# ##


You could see a phantom.

Vanquished Creatures
  An adder (D:4)
  A dart slug (D:1)
  A kobold (D:4)
3 creatures vanquished.

Notes
Turn   | Place    | Note
-------+----------+-------------------------------------------
     0 | D:1      | Bravepunisher the Spriggan Shapeshifter began the quest for
                  | the Orb.
     0 | D:1      | Reached XP level 1. HP: 9/9 MP: 2/2
    84 | D:2      | You fall into a shaft and drop 2 floors!
   137 | D:4      | Reached skill level 1 in Fighting
   137 | D:4      | Reached XP level 2. HP: 5/14 MP: 3/3
   432 | D:4      | Noticed a phantom
   445 | D:4      | Slain by a phantom

Illustrated notes

Levels and vault maps discovered:
D:1:      dpeg_arrival_radiant, layout_loops_cross,
          chequers_ecumenical_altar_simple_redux
D:2:      layout_basic, grunt_ministairs_4
D:4:      layout_loops_ring, minmay_temple_entry_enclosed_plants,
          minmay_misc_feat_four_crosses, fountainhead

Skill      XL: |  1  2 |
---------------+-------+-----
Fighting       | 1 |  1.2
Dodging        | 3 |  3.0
Unarmed Combat | |  2.7
Shapeshifting  | |  4.1

Action                     || total
---------------------------++-------
  Melee: Unarmed           ||    18
    Use: Potion            ||     1
   Stab: Sleeping          ||     1
 Armour: Skin              ||     2
         Animal skin       ||     6
  Dodge: Dodged            ||    10

Table legend: (Time is in decaauts)
 A = Elapsed time spent in this place.
 B = Non-inter-level travel time spent in this place.
 C = Inter-level travel time spent in this place.
 D = Time resting spent in this place.
 E = Time spent auto-exploring this place.
 F = Levels seen in this place.
 G = Mean time per level.
                   A        B        C        D        E       F      G
               +--------+--------+--------+--------+--------+-----+--------+
         Total |    302 |    302 |      0 |     53 |    179 |   3 |  100.7 |
       Dungeon |    302 |    302 |      0 |     53 |    179 |   3 |  100.7 |
               +--------+--------+--------+--------+--------+-----+--------+

Top non-repeatable levels by time:
     D:4: 250 daAuts
     D:2: 28 daAuts
     D:1: 23 daAuts
